 Dungeon Crawl Stone Soup version 0.24.0-13-gcf9b3192b9 (webtiles) character file.

Game seed: 4890438333236495539, levelgen mode: deterministic

6 Acheron the Charmwright (level 1, -5/12 HPs)
             Began as a Deep Elf Skald on Nov 10, 2019.
             Slain by an orc
             ... wielding a +0 hand axe
              (8 damage)
             ... on level 3 of the Dungeon.
             The game lasted 00:02:00 (398 turns).

Acheron the Charmwright (Deep Elf Skald)             Turns: 398, Time: 00:02:01

Health: -5/12      AC:  3    Str:  8    XL:     1   Next: 75%
Magic:  3/6        EV: 12    Int: 17    God:
Gold:   12         SH:  0    Dex: 14    Spells: 5/6 levels left

rFire    . . .     SeeInvis .   a - +0 falchion
rCold    . . .     Gourm    .   (no shield)
rNeg     . . .     Faith    .   b - +0 leather armour
rPois    .         Spirit   .   (no helmet)
rElec    .         Reflect  .   (no cloak)
rCorr    .         Harm     .   (no gloves)
MR       .....                  (no boots)
Stlth    +.........             (no amulet)
HPRegen  0.04/turn              (no ring)
MPRegen  0.10/turn              (no ring)

@: infused, very slightly contaminated
A: no striking features
a: no special abilities


You were on level 3 of the Dungeon.
You were not hungry.

You visited 1 branch of the dungeon, and saw 3 of its levels.

You collected 12 gold pieces.

Inventory:

Hand Weapons
 a - a +0 falchion (weapon)
Missiles
 e - 46 stones (quivered)
Armour
 b - a +0 leather armour (worn)
 i - cursed +0 ice dragon scales
Scrolls
 c - a scroll of identify {unknown}
 h - a scroll of noise {unknown}
Potions
 g - 2 potions of haste {unknown}
Comestibles
 d - a ration
 f - a chunk of flesh


   Skills:
 + Level 1.7 Fighting
 + Level 1.8 Long Blades
 + Level 0.7 Armour
 + Level 2.4 Dodging
 + Level 0.3 Stealth
 + Level 3.0 Spellcasting
 + Level 4.8 Charms


You had 5 spell levels left.
You knew the following spells:

 Your Spells              Type           Power        Failure   Level  Hunger
a - Infusion              Chrm           ###.         3%          1    None

Your spell library contained the following spells:

 Spells                   Type           Power        Failure   Level  Hunger
 Song of Slaying          Chrm           ###.....     5%          2    ##.....
 Shroud of Golubria       Chrm/Tloc      ##....       14%         2    ##.....
 Regeneration             Chrm/Necr      ##........   28%         3    ###....
 Spectral Weapon          Hex/Chrm       ##......     28%         3    ###....


Dungeon Overview and Level Annotations

Branches:
Dungeon (3/15)

Altars:

Annotations:
D:3 Terence


Message History

The goblin closely misses you.
You riposte.
Your leather armour prevents you from hitting the goblin.
Terence hits you with a +0 mace.
Some of the chunks of flesh in your inventory have rotted away.
The orc hits you but does no damage.
An adder comes into view.
Casting: Infusion (safe; 3% risk of failure)
Confirm with . or Enter, or press ? or * to list all spells.
You begin infusing your attacks with magical energy.
The adder completely misses you.
You barely miss the adder. The orc barely misses you. The adder bites you.
* * * LOW HITPOINT WARNING * * *
The orc barely misses you.
You riposte.
You hit the orc.
The orc is heavily wounded.
You closely miss the adder. The adder bites you but does no damage.
The adder barely misses you.
You riposte.
You hit the adder.
The adder is heavily wounded.
The orc hits you with a +0 hand axe!
Ouch! That really hurt!
You die...

### #.. ####
######.#######
....##...##........
.........##....#
..#.#.#...g@...#
#.......####<..#
#.#.#.#.####.#.###
#......@go@S......
#.#.#.#..###.#.##.#
#........# ....# .#
##.##.##.# >..... .
#. #. ..# ... #.# #
## #.#.##.. .. #.#
# #.#


You could see Terence, an adder, an orc and a goblin.

Vanquished Creatures
  3 bats
  2 frilled lizards (D:1)
  A kobold (D:1)
  A rat (D:1)
7 creatures vanquished.

Notes
Turn   | Place    | Note
-------+----------+-------------------------------------------
     0 | D:1      | Acheron the Deep Elf Skald began the quest for the Orb.
     0 | D:1      | Reached XP level 1. HP: 12/12 MP: 6/6
   381 | D:3      | Noticed Terence
   398 | D:3      | Slain by an orc

Levels and vault maps discovered:
D:1:      dpeg_arrival_rhombi, layout_basic
D:2:      layout_rooms, fiery_altar_vehumet, gammafunk_temple_overflow_wave
D:3:      layout_basic, serial_glass, glass_columns_a, glass_columns_b,
          glass_columns_c, glass_columns_b, minmay_puff, uniq_terence,
          uniq_grinder

Action                   || total
-------------------------++-------
Melee: Falchion          ||    26
 Cast: Infusion          ||     5
Armor: Leather armour    ||     6
Dodge: Dodged            ||    25
       Rpst.: Falchion   ||    12
